 Dungeon Crawl Stone Soup version 0.27-a0-972-gd1521fd518 (webtiles) character file.

Game seed: 719861181032016491

50 leviel the Covered (level 3, 0/33 HPs)
             Began as a Minotaur Fighter on Apr 13, 2021.
             Killed from afar by an orc wizard (4 damage)
             ... with a magic dart
             ... on level 3 of the Dungeon.
             The game lasted 00:01:47 (1186 turns).

leviel the Covered (Minotaur Fighter)               Turns: 1186, Time: 00:01:47

Health: 0/33       AC:  8    Str: 20    XL:     3   Next: 55%
Magic:  2/2        EV:  7    Int:  5    God:
Gold:   43         SH:  9    Dex: 10    Spells: 2/2 levels left

rFire    . . .     SeeInvis .   a - +0 war axe
rCold    . . .     Faith    .   c - +0 kite shield
rNeg     . . .     Spirit   .   b - +0 scale mail
rPois    .         Reflect  .   (helmet restricted)
rElec    .         Harm     .   (no cloak)
rCorr    .         Rampage  .   j - +0 pair of gloves
Will     .....                  (no boots)
Stlth    ..........             (no amulet)
HPRegen  0.11/turn              (no ring)
MPRegen  0.08/turn              (no ring)

@: mighty, lethally poisoned (0 -> -19)
A: horns 2, retaliatory headbutt
a: no special abilities


You were on level 3 of the Dungeon.
You visited 1 branch of the dungeon, and saw 3 of its levels.

You collected 43 gold pieces.

Inventory:

Hand Weapons
 a - a +0 war axe (weapon)
Armour
 b - a +0 scale mail (worn)
 c - a +0 kite shield (worn)
 j - a +0 pair of gloves (worn)
Wands
 h - a wand of iceblast (12)
Scrolls
 e - 3 scrolls of identify {unknown}
 g - 2 scrolls of teleportation {unknown}
Potions
 f - a potion of attraction {unknown}
 i - 2 potions of lignification {unknown}


   Skills:
 + Level 4.1 Fighting
 + Level 3.2 Axes
 + Level 4.2 Armour
 + Level 4.1 Shields
 + Level 0.0 Evocations


You had 2 spell levels left.
You didn't know any spells.
Your spell library contained the following spells:

 Spells                   Type           Power      Damage    Failure   Level
 Magic Dart               Conj           0%         1d3       99%         1
 Blink                    Tloc           N/A        N/A       100%        2
 Call Imp                 Summ           0%         N/A       100%        2
 Slow                     Hex            0%         N/A       100%        2
 Conjure Flame            Conj/Fire      0%         6-21      100%        3
 Mephitic Cloud           Conj/Pois/Air  0%         N/A       100%        3


Dungeon Overview and Level Annotations

Branches:
Dungeon (2/15)

Altars:

Annotations:
D:3 Sigmund


Innate Abilities, Weirdness & Mutations

You have a pair of horns on your head.
You reflexively headbutt those who attack you in melee.


Message History

No target in view!
No target in view!
There is a stone staircase leading down here.
You now have 43 gold pieces (gained 5).
An endoplasm, an orc wizard and Sigmund come into view.
Sigmund is wielding a +2 scythe of venom.
Sigmund shouts!
The orc wizard shouts!
The endoplasm quivers.
You hear a shout! x2
There are monsters nearby! 2 orcs and an orc wizard come into view.
The orc shouts!
The orc wizard shouts!
You block Sigmund's attack.
Found a weird runed staff.
You slash Sigmund! You headbutt Sigmund, but do no damage.
Sigmund is heavily wounded.
You hit the endoplasm. Sigmund gestures at you while chanting.
You resist with significant effort.
The orc wizard casts a spell at itself.
The orc wizard flickers and vanishes!
Deactivating autopickup; reactivate with Ctrl-A.
The endoplasm hits you.
Sigmund hits you with a +2 scythe of venom.
You are poisoned.
You feel very mighty all of a sudden.
You feel very sick. The orc hits you but does no damage.
You block the endoplasm's attack.
Sigmund hits you with a +2 scythe of venom!
You are lethally poisoned!
You closely miss Sigmund.
Sigmund is heavily wounded.
You slash the endoplasm!
You kill the endoplasm!
You hit the orc.
* * * LOW HITPOINT WARNING * * *
You feel extremely sick.
A magic dart appears from out of thin air!
The magic dart hits you.
You die...

#......|.
#.......#
#.......###
#.........
#.......#
#..o{o..####
#..@.o......
#@# #.####
#....# ####.#
##.##
#.###..>###
#.....#...#
#.###...#.###
#. ##......#


You could see Sigmund, an orc wizard and 2 orcs.

Vanquished Creatures
  An adder (D:2)
  An orc (D:3)
  3 bats (D:1)
  5 endoplasms
  A giant cockroach (D:1)
  4 goblins (D:1)
  3 hobgoblins
  2 jackals (D:1)
  6 ball pythons (D:1)
  2 frilled lizards (D:1)
  3 kobolds (D:1)
  7 rats
38 creatures vanquished.

Notes
Turn   | Place    | Note
-------+----------+-------------------------------------------
     0 | D:1      | leviel the Minotaur Fighter began the quest for the Orb.
     0 | D:1      | Reached XP level 1. HP: 19/19 MP: 0/0
   123 | D:1      | Reached XP level 2. HP: 26/27 MP: 1/1
   559 | D:1      | Reached XP level 3. HP: 33/33 MP: 2/2
   561 | D:1      | Found a faded altar of an unknown god.
  1121 | D:2      | You fall into a shaft and drop 1 floor!
  1181 | D:3      | Noticed Sigmund
  1186 | D:3      | Killed from afar by an orc wizard

Illustrated notes

Levels and vault maps discovered:
D:1:      dpeg_arrival_arbitrary_a, layout_loops_ring,
          chequers_ecumenical_altar_simple_redux
D:2:      layout_basic, corner_web_ring, uniq_natasha, uniq_crazy_yiuf_cottage
D:3:      layout_loops_ring, uniq_sigmund, uniq_jessica

Skill      XL: |  1  2 |
---------------+-------+-----
Armour         | 4 |  4.2
Fighting       | 4 |  4.1
Shields        | 4 |  4.1
Axes           | 3 |  3.2

Action                   || total
-------------------------++-------
Melee: War axe           ||    71
       Headbutt          ||    13
  Use: Potion            ||     1
Armor: Scale mail        ||    33
Dodge: Dodged            ||    17
Block: Kite shield       ||    53

Table legend: (Time is in decaauts)
 A = Elapsed time spent in this place.
 B = Non-inter-level travel time spent in this place.
 C = Inter-level travel time spent in this place.
 D = Time resting spent in this place.
 E = Time spent auto-exploring this place.
 F = Levels seen in this place.
 G = Mean time per level.
                   A        B        C        D        E       F      G
               +--------+--------+--------+--------+--------+-----+--------+
         Total |   1226 |   1191 |     35 |      0 |    974 |   3 |  408.7 |
       Dungeon |   1226 |   1191 |     35 |      0 |    974 |   3 |  408.7 |
               +--------+--------+--------+--------+--------+-----+--------+

Top non-repeatable levels by time:
     D:1: 939 daAuts
     D:2: 218 daAuts
     D:3: 67 daAuts
